 Dungeon Crawl Stone Soup version 0.28-a0-991-g956f0ee3d5 (webtiles) character file.

Game seed: 14472507652412881652

128905 Strat the Champion of Chaos (level 16, -25/126 HPs)
             Began as a Demonspawn Brigand on Dec 2, 2021.
             Was the Champion of Makhleb.
             Killed from afar by a will-o-the-wisp (27 damage)
             ... with a foxfire
             ... on level 2 of the Swamp on Dec 4, 2021.
             The game lasted 01:24:52 (38031 turns).

Strat the Champion of Chaos (Demonspawn Brigand)   Turns: 38031, Time: 01:24:53

Health: -25/126    AC: 23    Str: 24    XL:     16   Next: 49%
Magic:  28/28      EV: 20    Int: 15    God:    Makhleb [******]
Gold:   4465       SH: 20    Dex: 23    Spells: 13/15 levels left

rFire   . . .      SeeInvis .   b - +2 rapier (vamp)
rCold   . . .      Faith    .   i - +0 kite shield
rNeg    . . .      Spirit   .   F - +4 chain mail
rPois   .          Reflect  +   C - +2 helmet
rElec   .          Harm     .   H - +1 cloak {rCorr}
rCorr   +          Rampage  .   x - +0 pair of gloves {Dex+3}
Will    +....                   (no boots)
Stlth   ..........              l - amulet of reflection
HPRegen 0.31/turn               j - +6 ring of dexterity
MPRegen 0.21/turn               t - +6 ring of strength

@: agile, very slow
A: hooves 2, rugged brown scales 1, powered by pain 3, augmentation 2, demonic
magic 3
a: Renounce Religion, Minor Destruction, Lesser Servant of Makhleb, Major
Destruction, Greater Servant of Makhleb


You were on level 2 of the Swamp.
You worshipped Makhleb.
Makhleb was exalted by your worship.
You visited 4 branches of the dungeon, and saw 25 of its levels.
You also visited: Sewer.

You collected 4465 gold pieces.

Inventory:

Hand Weapons
 b - a +2 vampiric rapier (weapon)
 m - a +4 scimitar of flaming
 G - a +7 long sword of protection
Missiles
 d - 114 poisoned darts (quivered)
 f - 598 stones
 B - 15 curare-tipped darts
 N - 8 atropa-tipped darts
 O - 4 throwing nets
Armour
 i - a +0 kite shield (worn)
 k - a +3 chain mail
 x - a +0 pair of gloves of dexterity (worn)
 C - a +2 helmet (worn)
 F - a +4 chain mail (worn)
 H - a +1 cloak of preservation (worn)
 L - a +3 scale mail of cold resistance
Jewellery
 j - a +6 ring of dexterity (left hand)
 l - an amulet of reflection (around neck)
 t - a +6 ring of strength (right hand)
 v - a ring of fire
 M - a ring of ice
 S - the ring "Bixarhai" {Ice rElec Str+3}
   (You took it off a centaur on level 13 of the Dungeon)

   [ring of ice]

   It enhances your ice magic.
   Str:       It affects your strength (+3).
   rF:        It makes you vulnerable to fire.
   rC:        It protects you from cold.
   rElec:     It insulates you from electricity.
Wands
 a - a wand of charming (2)
 s - a wand of paralysis (13)
 u - a wand of flame (45)
 E - a wand of mindburst (15)
 K - a wand of polymorph (19)
Scrolls
 c - 3 scrolls of identify
 e - 2 scrolls of enchant weapon
 y - 5 scrolls of amnesia
 A - 3 scrolls of fog
 J - 3 scrolls of vulnerability
Potions
 g - 6 potions of magic
 h - 2 potions of curing
 n - 3 potions of ambrosia
 o - 2 potions of might
 q - 3 potions of haste
 r - 3 potions of attraction
 w - 3 potions of flight
 z - a potion of resistance
 D - 5 potions of berserk rage
 I - 4 potions of brilliance
 P - 7 potions of lignification
 R - a potion of mutation
 T - a potion of heal wounds
Miscellaneous
 p - a phantom mirror


   Skills:
 + Level 10.5 Fighting
 - Level 10.0(10.5) Short Blades
 + Level 5.3(8.3) Long Blades
 - Level 1.7 Throwing
 - Level 10.0 Armour
 - Level 10.0 Dodging
 - Level 5.0 Stealth
 - Level 15.0 Shields
 - Level 16.0 Invocations
 - Level 6.0 Evocations


You had 13 spell levels left.
You knew the following spells:

 Your Spells              Type           Power      Damage    Failure   Level
a - Call Imp              Summ           0%         N/A       91%         2

Your spell library contained the following spells:

 Spells                   Type           Power      Damage    Failure   Level
 Magic Dart               Conj           0%         1d3       82%         1
 Sandblast                Erth           0%         2d4       82%         1
 Shock                    Conj/Air       0%         1d3       82%         1
 Sting                    Tmut/Pois      0%         1d3       82%         1
 Passwall                 Tmut/Erth      0%         N/A       91%         2
 Poisonous Vapours        Pois/Air       0%         N/A       91%         2
 Searing Ray              Conj           0%         2d4       91%         2
 Sublimation of Blood     Necr           0%         N/A       91%         2
 Gell's Gravitas          Tloc           0%         N/A       99%         3
 Ignite Poison            Fire/Tmut/Pois 0%         N/A       99%         3
 Lesser Beckoning         Tloc           0%         N/A       99%         3
 Mephitic Cloud           Conj/Pois/Air  0%         N/A       99%         3
 Ozocubu's Armour         Ice            0%         N/A       99%         3
 Stone Arrow              Conj/Erth      0%         3d7       99%         3
 Swiftness                Air            0%         N/A       99%         3
 Teleport Other           Tloc           0%         N/A       99%         3
 Airstrike                Air            0%         N/A       100%        4
 Animate Dead             Necr           0%         N/A       100%        4
 Dispel Undead            Necr           0%         3d6       100%        4
 Fulminant Prism          Conj/Hex       0%         3d6       100%        4
 Olgreb's Toxic Radiance  Pois           0%         N/A       100%        4
 Summon Lightning Spire   Summ/Air       0%         N/A       100%        4
 Blade Hands              Tmut           0%         N/A       100%        5
 Freezing Cloud           Conj/Ice/Air   0%         6-21      100%        5
 Irradiate                Conj/Tmut      0%         3d13      100%        5
 Lightning Bolt           Conj/Air       0%         1d11      100%        5
 Metabolic Englaciation   Hex/Ice        0%         N/A       100%        5
 Summon Forest            Summ/Tloc      0%         N/A       100%        5
 Summon Mana Viper        Hex/Summ       0%         N/A       100%        5
 Death Channel            Necr           0%         N/A       100%        6
 Simulacrum               Ice/Necr       0%         N/A       100%        6
 Summon Cactus Giant      Summ           0%         N/A       100%        6
 Dragon Form              Tmut           0%         N/A       100%        7
 Ozocubu's Refrigeration  Ice            0%         4d5       100%        7
 Chain Lightning          Conj/Air       0%         N/A       100%        9
 Fire Storm               Conj/Fire      0%         5d1       100%        9
 Shatter                  Erth           0%         3d5*      100%        9


Dungeon Overview and Level Annotations

Branches:
Dungeon (15/15)            Temple (0/1) D:7            Lair (6/6) D:10
  Swamp (2/4) Lair:4       Spider (0/4) Lair:2        Slime (0/5) Lair:6
    Orc (2/2) D:10            Elf (0/3) Orc:2        Vaults (0/5) D:13
 Depths (0/4) D:15          Sewer (visited)

Altars:
Elyvilon
Fedhas
Hepliaklqana
Kikubaaqudgha
Makhleb
Okawaru
Ru
Sif Muna
Trog
Uskayaw
Wu Jian
Yredelemnul
Zin
Beogh

Shops:
Orc:2 ((*:[

Annotations:
D:4 3 runed translucent doors, a11behringer's ghost, amateur DrTm
Lair:3 2 transporters, Foxy's ghost, journeyman DgCj


Innate Abilities, Weirdness & Mutations

You have hoof-like feet.
You are partially covered in rugged brown scales. (AC +1, +3% HP)
You are powered by pain.
Your magical and physical power is enhanced at high health.
Spells you cast and wands you use may paralyse nearby enemies.


Message History

You are more poisoned.
You feel extremely sick.
The swamp dragon breathes poison at you.
The blast of poison engulfs you but does no damage.
You are more poisoned.
You impale the swamp dragon!!
You feel better.
You kick the swamp dragon.
You kill the swamp dragon!
Makhleb accepts your kill.
You are engulfed in poison gas.
You are more poisoned.
You feel extremely sick.
You are engulfed in poison gas.
You are more poisoned.
* * * LOW HITPOINT WARNING * * *
You focus on the pain.
You feel agile all of a sudden.
You feel extremely sick.
You enter the shallow water.
Moving in this stuff is going to be slow.
A will-o-the-wisp comes into view.
You are engulfed in poison gas.
You are more poisoned.
* * * LOW HITPOINT WARNING * * *
x2 You feel extremely sick.
The will-o-the-wisp gives a chilling moan.
The will-o-the-wisp gestures.
The will-o-the-wisp conjures some foxfire! 2 foxfires come into view.
You feel better. The foxfire hits you!!
* * * LOW HITPOINT WARNING * * *
The will-o-the-wisp gestures.
The will-o-the-wisp conjures some foxfire!
The foxfire hits you!
* * * LOW HITPOINT WARNING * * *
2 foxfires come into view.
You feel better.
You are engulfed in a cloud of scalding steam.
* * * LOW HITPOINT WARNING * * *
The foxfire hits you!!
You die...

♣♣♣ ♣♣♣♣ ♣.♣ .≈≈♣
♣♣≈♣ ♣..♣ ♣♣.♣♣
♣♣.≈♣♣♣♣♣♣♣♣♣♣♣..♣
♣♣..≈≈@.°.≈≈...≈≈≈♣
♣..≈≈v♣♣♣♣♣♣♣♣≈≈≈.♣
♣..≈≈≈v§♣
♣♣♣..♣♣♣♣♣
.≈≈§≈§§§...
♣.♣≈♣≈♣♣
.≈≈..v§≈≈≈..♣
♣♣≈≈.≈≈.
≈≈≈≈≈♣≈♣.≈≈.>≈
♣♣.≈≈≈. ♣♣≈...≈
.≈≈≈....♣♣♣♣.≈.<.
≈≈≈≈♣..
..♣D♣..≈.≈≈≈...♣≈
..≈♣♣♣.
♣≈.≈...≈.≈.≈≈.♣♣.


You could see a will-o-the-wisp.

Vanquished Creatures
  Jorgrun (Swamp:1)
  Gastronok (D:12)
  Frances (D:12)
  An orc warlord (Orc:2)
  2 ghouls
  A juggernaut skeleton (D:15)
  2 eleionomae (Swamp:1)
  A bunyip (Swamp:2)
  Azrael (D:15)
  A shambling mangrove (Lair:4)
  Harold (Lair:2)
  2 boulder beetles
  9 hydras
  A quicksilver dragon skeleton (D:15)
  A ghost crab (Swamp:1)
  Fannar (Lair:2)
  Erolcha (D:12)
  7 vault guards (D:13)
  2 alligators
  A catoblepas (D:13)
  2 centaur warriors
  13 two-headed ogres
  12 death yaks
  A tengu warrior (D:12)
  3 orc high priests (Orc:2)
  11 skeletal warriors
  2 goliath frogs (Swamp:1)
  4 bog bodies (Swamp:1)
  A flayed ghost (D:15)
  2 swamp dragons
  A spriggan druid (Swamp:1)
  4 orc knights
  2 tengu zombies (D:15)
  A necromancer (D:15)
  2 ugly things
  A deep elf pyromancer (D:15)
  2 wolf spiders
  5 orc sorcerers
  4 cyclopes
  A manticore (D:11)
  13 elephants
  A torpor snail (Lair:4)
  A guardian serpent (Lair:6)
  11 black mambas
  Maurice (D:12)
  15 cane toads
  4 rime drakes
  2 efreet
  An unseen horror (D:11)
  8 komodo dragons
  A rime drake (shapeshifter) (D:14)
  A tengu conjurer (D:12)
  10 trolls
  A jumping spider (Lair:2)
  A hydra zombie (Swamp:1)
  9 polar bears (Lair:6)
  4 hornets
  6 blink frogs
  5 tyrant leeches
  Grinder (D:5)
  3 raiju (Lair:6)
  6 slime creatures (D:12)
  4 redbacks
  2 shadows
  6 water elementals (D:15)
  2 wraiths
  4 basilisks
  10 wyverns
  58 yaks
  Eustachio (D:5)
  10 vampire mosquitoes
  5 fire elementals (D:15)
  9 wargs
  A steam dragon (Lair:5)
  Edmund (D:5)
  3 swamp worms
  An acid dragon (D:12)
  24 water moccasins
  15 hell hounds
  3 ice beasts
  23 orc warriors
  14 black bears
  2 swamp drakes (Swamp:1)
  2 necrophages
  21 ogres
  16 wolves (Lair:6)
  3 centaurs
  3 phantoms
  A kobold brigand (Sewer)
  8 bullfrogs
  3 gnoll sergeants
  3 scorpions
  A scorpion (shapeshifter) (D:15)
  2 wyvern skeletons
  2 water moccasin skeletons (D:5)
  8 wights
  4 centaur zombies
  A human zombie (D:4)
  2 hounds (D:5)
  2 jellies
  18 orc priests
  2 bullfrog skeletons
  A centaur skeleton (D:7)
  A gnoll shaman (D:5)
  Ijyb (D:5)
  An iguana (D:5)
  26 orc wizards
  10 hell rats
  A hound zombie (D:5)
  2 howler monkey zombies (D:9)
  11 gnolls
  8 adders
  A howler monkey skeleton (D:5)
  6 river rats (Sewer)
  2 white imps
  An ufetubus (D:4)
  5 worms
  2 dart slugs
  48 orcs
  4 bats
  9 endoplasms
  5 giant cockroaches
  7 goblins
  9 hobgoblins
  9 jackals
  20 kobolds
  4 quokkas
  12 ball pythons
  A frilled lizard (D:2)
  24 rats
  A spectral kobold (D:14)
749 creatures vanquished.

Vanquished Creatures (collateral kills)
  Rupert (D:15)
  2 hydras
  A vault guard (D:13)
  3 cane toads (Lair:6)
  A komodo dragon (Lair:6)
  A troll (Orc:2)
  A blink frog (Lair:2)
  A redback (Lair:6)
  3 yaks (Lair:6)
  3 wyverns (Lair:6)
  4 water moccasins (Lair:6)
  7 orc warriors (Orc:2)
  11 jellies (Lair:6)
  An orc wizard (Orc:2)
  3 orcs (Orc:2)
  An endoplasm (Lair:6)
44 creatures vanquished.

Vanquished Creatures (others)
  Nessos (D:15)
  2 bloated husks (Swamp:1)
  A swamp worm (Swamp:1)
  An orc wizard (Orc:1)
  2 foxfires (Swamp:2)
  44 fungi
  95 plants
  2 withered plants (D:15)
148 creatures vanquished.

Grand Total: 941 creatures vanquished

Notes
Turn   | Place    | Note
-------+----------+-------------------------------------------
     0 | D:1      | Strat the Demonspawn Brigand began the quest for the Orb.
     0 | D:1      | Reached XP level 1. HP: 16/16 MP: 1/1
    73 | D:1      | Gained mutation: Spells you cast may paralyse adjacent
                  | enemies. [demonic ancestry]
    73 | D:1      | Reached XP level 2. HP: 11/22 MP: 2/2
   480 | D:1      | HP: 1/22 [hobgoblin (1)]
   797 | D:1      | Gained mutation: You have large cloven feet. [demonic
                  | ancestry]
   797 | D:1      | Reached XP level 3. HP: 21/27 MP: 3/3
  1694 | D:2      | Gained mutation: You are partially covered in rugged brown
                  | scales. (AC +1, +3% HP) [demonic ancestry]
  1694 | D:2      | Reached XP level 4. HP: 21/33 MP: 4/4
  3113 | D:3      | Found a burning altar of Makhleb.
  3123 | D:3      | Became a worshipper of Makhleb the Destroyer
  3426 | D:4      | Found a large runed translucent door.
  3426 | D:4      | Found a large runed translucent door.
  3434 | D:4      | Noticed a11behringer's ghost (amateur DrTm)
  3480 | D:4      | Noticed a phantom
  3480 | D:4      | Noticed a phantom
  3808 | D:4      | Noticed a scorpion
  3842 | D:4      | Killed a scorpion
  3843 | D:4      | Reached skill level 5 in Short Blades
  3843 | D:4      | Reached XP level 5. HP: 38/40 MP: 5/5
  3912 | D:4      | Found a hide-covered altar of Uskayaw.
  3913 | D:4      | Noticed an ogre
  3957 | D:4      | Killed an ogre
  3958 | D:4      | Gained mutation: Spells you cast may paralyse nearby
                  | enemies. [demonic ancestry]
  3958 | D:4      | Reached XP level 6. HP: 49/49 MP: 6/6
  4462 | D:4      | Reached skill level 5 in Fighting
  4485 | D:4      | Found a runed translucent door.
  4485 | D:4      | Noticed a human
  4489 | D:4      | Reached * piety under Makhleb
  4537 | D:4      | Found a basalt altar of Yredelemnul.
  4846 | D:5      | Entered Level 5 of the Dungeon
  4868 | D:5      | Gained mutation: You sometimes gain a little power by
                  | taking damage. [demonic ancestry]
  4868 | D:5      | Reached XP level 7. HP: 45/57 MP: 7/7
  4899 | D:5      | Found a glowing drain.
  5005 | Sewer    | Entered a sewer
  5215 | Sewer    | Reached skill level 1 in Dodging
  5538 | Sewer    | Reached ** piety under Makhleb
  6132 | D:5      | Learned a level 2 spell: Call Imp
  6155 | D:5      | Gained mutation: You sometimes gain power by taking damage.
                  | [demonic ancestry]
  6155 | D:5      | Reached XP level 8. HP: 54/63 MP: 8/8
  6214 | D:5      | Noticed Ijyb
  6221 | D:5      | Noticed Edmund
  6288 | D:5      | Found an iron altar of Okawaru.
  6384 | D:5      | Reached skill level 5 in Stealth
  6447 | D:5      | Noticed Grinder
  6583 | D:5      | Killed Edmund
  6618 | D:5      | Killed Ijyb
  6826 | D:5      | Noticed Eustachio
  6848 | D:5      | Killed Eustachio
  6849 | D:5      | Reached skill level 5 in Dodging
  7173 | D:5      | Killed Grinder
  7173 | D:5      | Reached *** piety under Makhleb
  7174 | D:5      | Gained mutation: You have hoof-like feet. [demonic
                  | ancestry]
  7174 | D:5      | Reached XP level 9. HP: 58/71 MP: 9/9
  8612 | D:7      | Found a staircase to the Ecumenical Temple.
  8969 | D:7      | Noticed a two-headed ogre
  8988 | D:7      | Killed a two-headed ogre
  9274 | D:8      | Reached skill level 10 in Short Blades
  9367 | D:8      | Reached skill level 1 in Invocations
  9596 | D:8      | Found an ornate altar of the Wu Jian Council.
  9605 | D:8      | Reached skill level 1 in Armour
  9779 | D:8      | Found a bloodstained altar of Trog.
  9797 | D:8      | Gained mutation: Spells you cast and wands you use may
                  | paralyse nearby enemies. [demonic ancestry]
  9797 | D:8      | Reached XP level 10. HP: 81/81 MP: 11/11
  9800 | D:8      | Reached skill level 2 in Invocations
  9921 | D:8      | You fall into a shaft and drop 3 floors!
 10018 | D:11     | Reached skill level 3 in Invocations
 10056 | D:10     | Entered Level 10 of the Dungeon
 10209 | D:8      | Reached skill level 4 in Invocations
 10221 | D:8      | Found a shimmering blue altar of Sif Muna.
 10346 | D:8      | Found an ancient bone altar of Kikubaaqudgha.
 10347 | D:8      | Found a blossoming altar of Fedhas.
 10473 | D:9      | Reached **** piety under Makhleb
 10923 | D:9      | Reached skill level 5 in Invocations
 11261 | D:9      | Found a sacrificial altar of Ru.
 11294 | D:10     | Found a staircase to the Orcish Mines.
 11536 | D:10     | Found a staircase to the Lair.
 11610 | D:10     | Reached skill level 6 in Invocations
 12180 | D:10     | Reached skill level 7 in Invocations
 12474 | D:11     | Noticed a manticore
 12474 | D:11     | Noticed a two-headed ogre
 12474 | D:11     | Noticed a cyan ugly thing
 12596 | D:11     | Noticed an eight-headed hydra
 12609 | D:11     | Killed an eight-headed hydra
 12610 | D:11     | Reached XP level 11. HP: 91/91 MP: 16/16
 12623 | D:11     | Killed a two-headed ogre
 12624 | D:11     | Reached skill level 8 in Invocations
 13376 | D:11     | Reached skill level 9 in Invocations
 13473 | D:11     | Noticed a two-headed ogre
 13489 | D:11     | Killed a two-headed ogre
 13490 | D:11     | Reached skill level 10 in Fighting
 13631 | D:11     | Noticed a six-headed hydra
 13673 | D:11     | Killed a six-headed hydra
 13674 | D:11     | Reached skill level 10 in Invocations
 14155 | D:11     | Killed a cyan ugly thing
 14172 | D:11     | Noticed a six-headed hydra
 14191 | D:11     | Killed a six-headed hydra
 14552 | D:11     | Reached skill level 5 in Armour
 15079 | Lair:1   | Entered Level 1 of the Lair of Beasts
 15215 | Lair:1   | Reached skill level 11 in Invocations
 15433 | Lair:1   | Reached ***** piety under Makhleb
 15874 | Lair:1   | Gained mutation: Your magical and physical power is
                  | slightly enhanced at high health. [demonic ancestry]
 15874 | Lair:1   | Reached XP level 12. HP: 91/99 MP: 20/20
 16114 | Lair:1   | Noticed a death yak
 16115 | Lair:1   | Noticed a death yak
 16115 | Lair:1   | Noticed a death yak
 16116 | Lair:1   | Noticed a death yak
 16117 | Lair:1   | Noticed a death yak
 16117 | Lair:1   | Noticed a death yak
 16178 | Lair:2   | Reached skill level 12 in Invocations
 16250 | Lair:2   | Noticed Harold
 16449 | Lair:2   | Identified the +9 halberd of the Equator {vorpal, *Slow rN+
                  | SInv}
 16666 | Lair:2   | Killed Harold
 16745 | Lair:2   | Reached skill level 13 in Invocations
 17159 | Lair:2   | Noticed Fannar
 17206 | Lair:2   | Killed Fannar
 17446 | Lair:2   | Noticed a four-headed hydra
 17457 | Lair:2   | Killed a four-headed hydra
 17458 | Lair:2   | Reached skill level 14 in Invocations
 17620 | Lair:2   | Found a hole to the Spider Nest.
 18422 | Lair:3   | Found a transporter.
 18426 | Lair:3   | Found a transporter.
 18615 | Lair:3   | Noticed Foxy's ghost (journeyman DgCj)
 18803 | Lair:4   | Noticed a seven-headed hydra
 18816 | Lair:3   | Killed a seven-headed hydra
 19241 | Lair:4   | Reached XP level 13. HP: 100/106 MP: 24/24
 19433 | Lair:4   | Reached skill level 15 in Invocations
 19480 | Lair:4   | Found a staircase to the Swamp.
 20586 | Lair:5   | Reached skill level 10 in Dodging
 20837 | Lair:6   | Entered Level 6 of the Lair of Beasts
 20883 | Lair:6   | Identified a scroll of acquirement
 20891 | Lair:6   | Acquired 819 gold pieces
 20948 | Lair:6   | Paralysed by a hornet for 1 turns
 20997 | Lair:6   | Found a staircase to the Slime Pits.
 21090 | Lair:6   | Reached skill level 16 in Invocations
 21101 | Lair:6   | Reached ****** piety under Makhleb
 21156 | Lair:6   | Paralysed by a hornet for 3 turns
 21692 | Lair:6   | Reached skill level 10 in Armour
 21700 | Lair:6   | Reached skill level 1 in Evocations
 22080 | Lair:6   | Gained mutation: You are powered by pain. [demonic
                  | ancestry]
 22080 | Lair:6   | Reached XP level 14. HP: 113/113 MP: 26/26
 22503 | Lair:6   | Reached skill level 5 in Evocations
 22512 | Lair:6   | Reached skill level 1 in Shields
 23301 | Lair:6   | Reached skill level 5 in Shields
 24430 | Orc:1    | Entered Level 1 of the Orcish Mines
 24616 | Orc:1    | Found a shimmering blue altar of Sif Muna.
 24760 | Orc:2    | Entered Level 2 of the Orcish Mines
 24760 | Orc:2    | Found Apoer's Antique Weapon Emporium.
 25374 | Orc:2    | Found a staircase to the Elven Halls.
 25456 | Orc:2    | Noticed an orc warlord
 25476 | Orc:2    | Killed an orc warlord
 25780 | Orc:1    | Paralysed by an orc sorcerer for 7 turns
 26146 | Orc:2    | Found Soideogi's Antique Armour Shop.
 26150 | Orc:2    | Found Tyrujeobb's Book Shoppe.
 26239 | Orc:2    | Found Syxugh's Weapon Shoppe.
 26434 | Orc:2    | Found Fatuenn's General Store.
 26812 | Orc:1    | Gained mutation: Your magical and physical power is
                  | enhanced at high health. [demonic ancestry]
 26812 | Orc:1    | Reached XP level 15. HP: 107/118 MP: 27/27
 27126 | D:12     | Noticed Maurice
 27264 | D:12     | Reached skill level 10 in Shields
 27277 | D:12     | Killed Maurice
 27291 | D:12     | Upgraded the game from 0.28-a0-983-g1de4e0787c to
                  | 0.28-a0-991-g956f0ee3d5
 27593 | D:12     | Noticed Frances
 27611 | D:12     | Killed Frances
 27617 | D:12     | Noticed Gastronok
 27679 | D:12     | Killed Gastronok
 28178 | D:12     | Noticed Erolcha
 28208 | D:12     | Killed Erolcha
 29624 | D:13     | Identified the ring "Bixarhai" {Ice rElec Str+3}
 30321 | D:13     | Found a gate to the Vaults.
 31797 | D:14     | Found the +4 robe of Folly {Brilliance Will-∞ Int+8}
 31891 | D:14     | Found a hazy altar of Hepliaklqana.
 32794 | D:15     | Entered Level 15 of the Dungeon
 32987 | D:15     | Found a staircase to the Depths.
 33211 | D:14     | Acquired 892 gold pieces
 33484 | D:15     | Noticed Nessos
 33489 | D:15     | Killed Nessos
 33887 | D:15     | Reached XP level 16. HP: 125/125 MP: 28/28
 33928 | D:15     | Noticed Azrael
 33950 | D:15     | Killed Azrael
 34146 | D:15     | Noticed Rupert
 34146 | D:15     | Paralysed by Rupert for 6 turns
 34200 | D:15     | Killed Rupert
 35529 | Swamp:1  | Entered Level 1 of the Swamp
 35674 | Lair:4   | Reached skill level 15 in Shields
 35682 | Lair:4   | Reached skill level 1 in Long Blades
 35687 | Lair:4   | Paralysed by a hornet for 2 turns
 37250 | Swamp:1  | Noticed Jorgrun
 37429 | Swamp:1  | Got the Volume of Reanimation Made Easy
 37683 | Swamp:1  | Killed Jorgrun
 37867 | Swamp:1  | Reached skill level 5 in Long Blades
 38030 | Swamp:2  | HP: 1/126 [will-o-the-wisp/foxfire (17)]
 38031 | Swamp:2  | Killed from afar by a will-o-the-wisp

Illustrated notes

Levels and vault maps discovered:
D:1:      nicolae_arrival_memento_mori, layout_basic, minmay_close_crescents
D:2:      layout_basic, minmay_tetromino_i4
D:3:      layout_loops_cross, lemuel_doored_altar, eino_curves_02,
          kennysheep_flooded_box
D:4:      layout_basic, nicolae_uskayaw_murder_on_the_dancefloor,
          dk_yredelemnul_ordeal, ebering_ghost_disaster_area
D:5:      layout_cave_pools, mainiacjoe_overflow_paths,
          cheibrodos_sewer_entry_drain, uniq_ijyb, uniq_edmund, uniq_eustachio,
          uniq_grinder
D:6:      layout_basic, nicolae_overflow_crystal_walls
D:7:      layout_loops_cross, lemuel_temple_firewalk_a,
          kennysheep_generic_room_12
D:8:      layout_loops_ring, mainiacjoe_overflow_surrounded_room,
          trog_ov_bears_minmay, minitemple, lemuel_coloured_pillars_altar
D:9:      layout_basic, nicolae_ru_path_of_blood
D:10:     layout_cave_pods, erik_lair_orcish_takeover, david_orc_5
D:11:     layout_irregular_city
D:12:     lemuel_ogre_cave, layout_rooms, kennysheep_windowed_goal,
          uniq_frances, uniq_gastronok, uniq_maurice
D:13:     layout_irregular_city, erik_vaults_2
D:14:     layout_loops_ring, minmay_misc_feat_tower,
          chequers_serial_rivers_micro_b, nrook_uturn,
          chequers_serial_rivers_small_b, dreamdust_deal_with_the_devil,
          nicolae_hepliaklqana_monster_ancestors
D:15:     gammafunk_depths_entry_grave, layout_basic, minmay_misc_feat_encased,
          uniq_nessos, uniq_azrael, uniq_rupert
Lair:1:   layout_hall_layers, grunt_megastairs_1
Lair:2:   layout_regular_city, spider_nest_entry_funnel_web, minivault_27,
          uniq_harold, uniq_fannar
Lair:3:   layout_chaotic_city, gammafunk_ghost_hive, lemuel_fruit_fields
Lair:4:   layout_cave_pods, minmay_swamp_entry_swarm
Lair:5:   layout_gridlike, grunt_megastairs_2, infiniplex_staircase_pool_2
Lair:6:   hangedman_lair_caniforms_friends, layout_cave_pods,
          hangedman_lair_tendril_chambers, minmay_slime_entry_jelly_boxes,
          chequers_serial_rivers_micro_b, nicolae_quartered_pool_super
Swamp:1:  layout_basic_swamp, nicolae_swamp_ascending_descending,
          nicolae_swamp_necromancy_gone_wrong, uniq_jorgrun
Swamp:2:  layout_falls_marsh, nicolae_swamp_some_circles
Orc:1:    layout_caves, kennysheep_orc_sif_temple
Orc:2:    grunt_orc_gardens, layout_caves, grunt_orc_garden, grunt_orc_garden,
          grunt_orc_garden, grunt_orc_garden, serial_shops,
          nicolae_shop_hallway_plus

Skill      XL: |  1  2  3  4  5  6  7  8  9 10 11 12 13 14 15 16 |
---------------+-------------------------------------------------+-----
Short Blades   | 2 3 5 7 10 | 10.0
Fighting       | 3 5 7 9 10 | 10.5
Dodging        | 2 5 6 9 10 | 10.0
Stealth        | 4 5 |  5.0
Invocations    | 1 7 11 14 16 | 16.0
Armour         | 1 4 5 6 10 | 10.0
Evocations     | 3 6 |  6.0
Shields        | 9 14 15 | 15.0
Long Blades    | 5 |  5.3
Throwing       | |  1.7

Action                   |  1- 3 |  4- 6 |  7- 9 | 10-12 | 13-15 | 16-18 || total
-------------------------+-------+-------+-------+-------+-------+-------++-------
Melee: Dagger            |   114 |   175 |   293 |       |       |       ||   582
       Kick              |    11 |    70 |   181 |   424 |  1100 |   203 ||  1989
       Rapier            |       |       |   140 |   802 |  1955 |   348 ||  3245
Throw: Dart              |       |     9 |     4 |     4 |     5 |     2 ||    24
Invok: Lesser Servant of |       |       |       |     4 |     2 |     1 ||     7
       Greater Servant o |       |       |       |       |     3 |     2 ||     5
       Major Destruction |       |       |       |       |     1 |     1 ||     2
Evoke: Wand              |       |       |    12 |    16 |    27 |     5 ||    60
  Use: Scroll            |       |     7 |     4 |    12 |    15 |     3 ||    41
       Potion            |       |       |     3 |     4 |    22 |     8 ||    37
 Stab: Sleeping          |    10 |     5 |    13 |     3 |     2 |       ||    33
       Distracted        |       |     1 |       |       |     2 |       ||     3
       Paralysed         |       |       |     1 |     1 |     7 |       ||     9
       Invisible         |       |       |       |       |     5 |       ||     5
Armor: Robe              |    21 |    44 |    43 |       |       |       ||   108
       Ring mail         |       |       |    39 |    46 |       |       ||    85
       Scale mail        |       |       |       |   199 |   392 |       ||   591
       Chain mail        |       |       |       |       |   257 |   103 ||   360
Dodge: Dodged            |    56 |    60 |   189 |   425 |  1139 |   116 ||  1985
Block: Other             |       |    28 |    70 |   138 |   364 |       ||   600
       Reflection        |       |       |       |       |    12 |     4 ||    16
       Kite shield       |       |       |       |       |   153 |   223 ||   376

Table legend: (Time is in decaauts)
 A = Elapsed time spent in this place.
 B = Non-inter-level travel time spent in this place.
 C = Inter-level travel time spent in this place.
 D = Time resting spent in this place.
 E = Time spent auto-exploring this place.
 F = Levels seen in this place.
 G = Mean time per level.
                   A        B        C        D        E       F      G
               +--------+--------+--------+--------+--------+-----+--------+
         Total |  37131 |  35407 |   1724 |   8737 |  17633 |  26 | 1428.1 |
       Dungeon |  21511 |  20572 |    939 |   5358 |  10355 |  15 | 1434.1 |
          Lair |  10196 |   9713 |    483 |   1799 |   5212 |   6 | 1699.3 |
         Swamp |   1774 |   1628 |    146 |    568 |    501 |   2 |  887.0 |
  Orcish Mines |   2562 |   2408 |    154 |    791 |    945 |   2 | 1281.0 |
         Sewer |   1086 |   1086 |      0 |    220 |    617 |   1 | 1086.0 |
               +--------+--------+--------+--------+--------+-----+--------+

Top non-repeatable levels by time:
  Lair:6: 3219 daAuts
    D:11: 2799 daAuts
    D:14: 1912 daAuts
  Lair:2: 1832 daAuts
    D:15: 1800 daAuts
    D:10: 1718 daAuts
    D:12: 1717 daAuts
 Swamp:1: 1637 daAuts
    D:13: 1629 daAuts
  Lair:4: 1571 daAuts
   Orc:1: 1529 daAuts
     D:1: 1458 daAuts
  Lair:1: 1437 daAuts
     D:3: 1278 daAuts
     D:7: 1264 daAuts
